 Dungeon Crawl Stone Soup version 0.26.0-16-gc1dbca0489 (webtiles) character file.

Game seed: 5300376586441542555

268 delverdan the Skirmisher (level 6, -2/55 HPs)
             Began as a Barachi Fighter on Jan 20, 2021.
             Was an Initiate of Cheibriados.
             Slain by a killer bee (8 damage)
             ... on level 4 of the Dungeon.
             The game lasted 00:05:17 (2139 turns).

delverdan the Skirmisher (Barachi Fighter)          Turns: 2139, Time: 00:05:17

Health: -2/55      AC: 10    Str: 18      XL:     6   Next: 21%
Magic:  6/6        EV:  7    Int: 10 (11) God:    Cheibriados [......]
Gold:   67         SH:  9    Dex: 12 (13) Spells: 5/5 levels left

rFire    . . .     SeeInvis .   a - +0 long sword
rCold    . . .     Faith    .   c - +0 kite shield
rNeg     + . .     Spirit   .   b - +0 scale mail
rPois    .         Reflect  .   (no helmet)
rElec    .         Harm     .   l - +2 cloak
rCorr    .         Rampage  .   (no gloves)
Will     .....                  (no boots)
Stlth    ..........             (no amulet)
HPRegen  0.18/turn              j - ring of positive energy
MPRegen  0.10/turn              (no ring)

@: mighty, lethally poisoned (-2 -> -18), very slow
A: +LOS, swims, slowness 1, strong legs 1
a: Hop, Renounce Religion, Bend Time


You were on level 4 of the Dungeon.
You worshipped Cheibriados.
Cheibriados was noncommittal.
You visited 2 branches of the dungeon, and saw 5 of its levels.

You collected 67 gold pieces.

Inventory:

Hand Weapons
 a - a +0 long sword (weapon)
 k - a +0 whip of electrocution
Armour
 b - a +0 scale mail (worn)
 c - a +0 kite shield (worn)
 l - a +2 cloak (worn)
Jewellery
 j - a ring of positive energy (left hand)
Scrolls
 e - 2 scrolls of enchant armour
 f - a scroll of noise {unknown}


   Skills:
 + Level 7.3 Fighting
 - Level 3.0 Long Blades
 - Level 4.0 Armour
 - Level 4.0 Shields


You had 5 spell levels left.
You didn't know any spells.
Your spell library was empty.

Dungeon Overview and Level Annotations

Branches:
Dungeon (4/15)             Temple (1/1) D:4

Altars:
Ashenzari
Cheibriados
Elyvilon
Fedhas
Gozag
Hepliaklqana
Kikubaaqudgha
Makhleb
Nemelex Xobeh
Okawaru
Qazlal
Ru
Sif Muna
Trog
Uskayaw
Vehumet
Wu Jian
Xom
Yredelemnul
Zin
The Shining One


Innate Abilities, Weirdness & Mutations

You can be seen from farther away. (+LOS)
You can swim through water.
You cover ground slowly.
You can hop short distances.


Message History

You slash the killer bee!
The killer bee is almost dead.
You feel sick. The killer bee stings you.
* * * LOW HITPOINT WARNING * * *
You are lethally poisoned!
The killer bee poisons you! You block the killer bee's attack. x2
Unknown command.
Your shield prevents you from hitting the killer bee.
The killer bee is almost dead.
* * * LOW HITPOINT WARNING * * *
You feel sick. The killer bee stings you.
* * * LOW HITPOINT WARNING * * *
You block the killer bee's attack.
Unknown command.
You miss the killer bee.
The killer bee is almost dead.
* * * LOW HITPOINT WARNING * * *
You feel very sick. The killer bee stings you!
You die...

*,* *,*
*,* # *,*
# *,* #
*,****** #
*,,,,,,*
####****,#
######
...#####.#
#Syy@#
.P.......#
#y####
>.....#,,*
#.#
P...#.#,,*
#.#
....#.#,,*
#.#
.####.#,,*
#.# .#
#.#,,* #.#
.# #.#,,*
#.# .#
#.#,,* #.#


You could see 3 killer bees and an adder.

Vanquished Creatures
  A water moccasin skeleton (D:4)
  A killer bee (D:4)
  A howler monkey (D:2)
  An orc priest (D:4)
  An orc wizard (D:4)
  An adder (D:1)
  An ooze (D:1)
  2 worms (D:2)
  2 dart slugs
  2 leopard geckos (D:1)
  2 orcs (D:4)
  2 bats (D:1)
  6 giant cockroaches
  7 goblins
  9 hobgoblins
  A quokka (D:4)
  3 frilled lizards
  6 kobolds
  8 rats
57 creatures vanquished.

Vanquished Creatures (others)
  A plant (D:4)
1 creature vanquished.

Grand Total: 58 creatures vanquished

Notes
Turn   | Place    | Note
-------+----------+-------------------------------------------
     0 | D:1      | delverdan the Barachi Fighter began the quest for the Orb.
     0 | D:1      | Reached XP level 1. HP: 18/18 MP: 1/1
    81 | D:1      | Reached XP level 2. HP: 21/25 MP: 2/2
   310 | D:1      | Reached skill level 4 in Fighting
   348 | D:1      | Reached XP level 3. HP: 27/30 MP: 3/3
  1158 | D:2      | Reached XP level 4. HP: 24/38 MP: 4/4
  1334 | D:2      | Reached skill level 5 in Fighting
  1381 | D:2      | You fall into a shaft and drop 2 floors!
  1389 | D:4      | Reached XP level 5. HP: 44/45 MP: 5/5
  1391 | D:4      | Reached skill level 6 in Fighting
  1404 | D:4      | HP: 2/47 [something/puff of flame (7)]
  1747 | D:4      | Reached XP level 6. HP: 45/53 MP: 6/6
  1755 | D:4      | Found a staircase to the Ecumenical Temple.
  1767 | Temple   | Entered the Ecumenical Temple
  1895 | Temple   | Became a worshipper of Cheibriados the Contemplative
  1980 | D:4      | Reached skill level 7 in Fighting
  2139 | D:4      | Slain by a killer bee

Illustrated notes

Levels and vault maps discovered:
D:1:      lemuel_arrival_cross, layout_rooms, chequers_garden,
          minmay_shallow_snake_nest
D:2:      layout_basic, overflow_temple_1_default,
          chequers_ecumenical_altar_twisty, minmay_nonomino_d4
D:3:      layout_basic, minmay_ruptured
D:4:      layout_basic, minmay_temple_entry_overgrown, grunt_dithmenos_shadows,
          uniq_natasha
Temple:   kilobyte_greek_temple

Skill      XL: |  1  2  3  4  5  6 |
---------------+-------------------+-----
Armour         | 4 |  4.0
Fighting       | 4 5 6 7 |  7.3
Long Blades    | 3 |  3.0
Shields        | 4 |  4.0

Action                   |  1- 3 |  4- 6 || total
-------------------------+-------+-------++-------
Melee: Long sword        |   119 |    90 ||   209
 Abil: Hop               |       |     1 ||     1
  Use: Scroll            |       |     6 ||     6
       Potion            |       |     3 ||     3
Armor: Scale mail        |    57 |    70 ||   127
Dodge: Dodged            |    42 |    48 ||    90
Block: Kite shield       |    82 |    56 ||   138
       Rpst.: Long sword |    13 |    13 ||    26
